 Dungeon Crawl Stone Soup version 0.25-a0-611-g6918904 (webtiles) character file.

Game seed: 6007357773594766523, levelgen mode: deterministic

202 BlueFish the Sneak (level 5, -8/33 HPs)
             Began as an Octopode Transmuter on Mar 16, 2020.
             Shot with an arrow by a centaur (10 damage)
             ... on level 3 of the Dungeon.
             The game lasted 00:11:03 (3127 turns).

BlueFish the Sneak (Octopode Transmuter)            Turns: 3127, Time: 00:11:04

Health: -8/33      AC:  1    Str: 11    XL:     5   Next: 80%
Magic:  9/9        EV: 13    Int: 15    God:
Gold:   70         SH:  0    Dex: 16    Spells: 3/9 levels left

rFire    . . .     SeeInvis .     - Unarmed
rCold    . . .     Gourm    .   (no shield)
rNeg     . . .     Faith    .   (helmet restricted)
rPois    .         Spirit   .   (no amulet)
rElec    .         Reflect  .   b - +4 ring of dexterity
rCorr    .         Harm     .   (no ring)
MR       .....                  (no ring)
Stlth    ++........             (no ring)
HPRegen  0.11/turn              (no ring)
MPRegen  0.11/turn              (no ring)
                                (no ring)
                                (no ring)

@: confused, very slightly contaminated, drained
A: almost no armour, stealthy swim, amphibious, 8 rings, constrict 8, camouflage
1, gelatinous body 1
a: no special abilities


You were on level 3 of the Dungeon.
You were not hungry.

You visited 1 branch of the dungeon, and saw 3 of its levels.

You collected 70 gold pieces.

Inventory:

Missiles
 a - 109 arrows
Jewellery
 b - a +4 ring of dexterity (left tentacle)
Wands
 k - a wand of digging (5)
 n - a wand of flame (21)
Scrolls
 s - a scroll of identify
Potions
 d - a potion of mutation
 e - 2 potions of degeneration
 f - 2 potions of brilliance
 h - a potion of curing {unknown}
 i - a potion of heal wounds {unknown}
 j - a potion of haste {unknown}
 m - a potion of resistance {unknown}
Comestibles
 c - 11 rations
 r - 5 chunks of flesh


   Skills:
 + Level 1.1(0.5) Fighting
 + Level 2.5(1.9) Dodging
 * Level 4.1(3.4) Stealth
 + Level 3.4(2.8) Unarmed Combat
 + Level 2.7(2.1) Spellcasting
 * Level 3.5(2.9) Transmutations
 * Level 0.5(0.0) Poison Magic


You had 3 spell levels left.
You knew the following spells:

 Your Spells              Type           Power        Failure   Level  Hunger
a - Beastly Appendage     Tmut           ##....       7%          1    #......
b - Sticks to Snakes      Tmut           ##......     10%         2    ###....
c - Spider Form           Tmut/Pois      #.........   34%         3    ###....

Your spell library contained the following spells:

 Spells                   Type           Power        Failure   Level  Hunger
 Ice Form                 Ice/Tmut       #.......     75%         4    #####..
 Blade Hands              Tmut           ##........   88%         5    ######.


Dungeon Overview and Level Annotations

Branches:
Dungeon (3/15)

Altars:
Dithmenos
Fedhas
Yredelemnul
The Shining One


Innate Abilities, Weirdness & Mutations

You cannot wear most types of armour.
You are very stealthy in the water. (Stealth+)
You are amphibious.
You can wear up to eight rings at the same time.
You can use your tentacles to constrict eight enemies at once.
Your skin changes colour to match your surroundings (Stealth+).
Your rubbery body absorbs attacks. (AC +1, EV +1)


Message History

As you read the scroll labeled BEUTUPHURCH, it crumbles to dust.
You hear whistling wind.
It was a scroll of random uselessness.
The centaur shoots an arrow.
The arrow misses you.
As you read the scroll labeled NER JIOTAOSIMU, it crumbles to dust.
The creatures around you are filled with an inner flame!
It was a scroll of immolation.
The centaur shoots an arrow.
The arrow closely misses you.
Blink to where?
Press: ? - help, Dir - move target cursor
As you read the scroll labeled IRUYJOEHATT, it crumbles to dust.
It was a scroll of blinking.
The centaur shoots an arrow.
The arrow hits you!
* * * LOW HITPOINT WARNING * * *
You are confused.
You feel invigorated.
You see here an arrow.
You bump into the rock wall.
The centaur shoots an arrow.
The arrow hits you!
* * * LOW HITPOINT WARNING * * *
The centaur shoots an arrow.
The arrow hits you!
You die...

#.# #.##(## #.#
#.##.#
########.#####.##(#
...............##.#
#.######.########.#
.........# #c#
#.######## #.# #.#
#########(#
#.######........@.#
#........##########
#.######.# ..# #.#
###


You could see a centaur (inner flame).

Vanquished Creatures
  An orc wizard (D:3)
  Jessica (D:2)
  6 adders
  An ooze (D:1)
  A worm (D:2)
  A leopard gecko (D:1)
  6 orcs
  11 bats
  4 giant cockroaches
  8 hobgoblins
  4 jackals (D:2)
  A quokka (D:3)
  2 ball pythons
  4 frilled lizards
  9 goblins
  8 kobolds
  12 rats
80 creatures vanquished.

Notes
Turn   | Place    | Note
-------+----------+-------------------------------------------
     0 | D:1      | BlueFish the Octopode Transmuter began the quest for the
                  | Orb.
     0 | D:1      | Reached XP level 1. HP: 13/13 MP: 3/3
    93 | D:1      | Reached XP level 2. HP: 18/18 MP: 3/5
   469 | D:1      | Reached skill level 1 in Stealth
   609 | D:1      | Reached skill level 2 in Stealth
   609 | D:1      | Reached XP level 3. HP: 18/23 MP: 4/6
  1226 | D:2      | Noticed Jessica
  1237 | D:2      | Killed Jessica
  1237 | D:2      | Reached skill level 3 in Stealth
  1237 | D:2      | Reached XP level 4. HP: 23/28 MP: 5/7
  1572 | D:2      | Found a basalt altar of Yredelemnul.
  1981 | D:2      | Reached XP level 5. HP: 33/33 MP: 6/8
  1986 | D:2      | Found a shadowy altar of Dithmenos.
  2101 | D:3      | Learned a level 2 spell: Sticks to Snakes
  2105 | D:3      | Learned a level 3 spell: Spider Form
  2245 | D:3      | Found a glowing golden altar of the Shining One.
  2683 | D:3      | Reached skill level 4 in Stealth
  2804 | D:3      | Found a blossoming altar of Fedhas.
  3108 | D:3      | Noticed a centaur
  3123 | D:3      | HP: 1/33 [centaur/arrow (13)]
  3127 | D:3      | Shot with an arrow by a centaur

Levels and vault maps discovered:
D:1:      matt_arrival_grand_opening, layout_loops_corners
D:2:      layout_loops_corners, overflow_temple_1_default,
          yredelemnul_altar_generic, uniq_jessica
D:3:      layout_basic, fedhas_altar_1, lemuel_tele_altar,
          uniq_crazy_yiuf_cottage

Skill      XL: |  1  2  3  4  5 |
---------------+----------------+-----
Stealth        | 2 3 4 |  4.1
Transmutations | 3 |  3.5
Fighting       | |  1.1
Dodging        | |  2.5
Unarmed Combat | |  3.4
Spellcasting   | |  2.7
Poison Magic   | |  0.5

Action                   |  1- 3 |  4- 6 || total
-------------------------+-------+-------++-------
Melee: Unarmed           |    70 |    92 ||   162
       Constrict         |    20 |    27 ||    47
       Kick              |    12 |    25 ||    37
       Tentacles         |    10 |    13 ||    23
       Punch             |     1 |       ||     1
 Cast: Beastly Appendage |    24 |    26 ||    50
       Sticks to Snakes  |       |     4 ||     4
  Use: Scroll            |     5 |     7 ||    12
       Potion            |       |     1 ||     1
 Stab: Sleeping          |     8 |    11 ||    19
  Eat: Chunk             |     1 |     7 ||     8
Armor: Skin              |    12 |     7 ||    19
Dodge: Dodged            |    43 |    54 ||    97

Table legend:
 A = Non-vault XP
 B = Vault XP
 C = Vault XP percentage of total XP
 D = Non-vault monster count
 E = Vault monster count
 F = Vault count percentage of total count
                 A         B        C        D         E       F
            +---------+---------+-------+---------+---------+-------
      Total |     252 |      37 |  12.8 |      79 |       1 |   1.2
            +---------+---------+-------+---------+---------+-------
        D:1 |      41 |       0 |   0.0 |      25 |       0 |   0.0
        D:2 |      94 |      37 |  28.2 |      32 |       1 |   3.0
        D:3 |     117 |       0 |   0.0 |      22 |       0 |   0.0
            +---------+---------+-------+---------+---------+-------
